 Dungeon Crawl Stone Soup version 0.25.1-8-g42b30a86e7 (webtiles) character file.

Game seed: 10362181780517204615

522 hawla the Cleaver (level 7, 0/61 HPs)
             Began as a Minotaur Gladiator on Dec 17, 2020.
             Slain by Menkaure (16 damage)
             ... on level 4 of the Dungeon.
             The game lasted 00:05:35 (3877 turns).

hawla the Cleaver (Minotaur Gladiator)              Turns: 3877, Time: 00:05:36

Health: 0/61       AC: 11    Str: 19    XL:     7   Next: 1%
Magic:  0/6        EV:  6    Int:  6    God:
Gold:   183        SH:  0    Dex: 14    Spells: 6/6 levels left

rFire    + . .     SeeInvis .   a - +0 war axe
rCold    . . .     Gourm    .   (no shield)
rNeg     . . .     Faith    .   p - +0 plate armour
rPois    +         Spirit   +   c - +0 hat
rElec    .         Reflect  .   (no cloak)
rCorr    .         Harm     .   (no gloves)
MR       .....                  y - +0 pair of boots
Stlth    ..........             i - amulet of guardian spirit
HPRegen  0.20/turn              t - ring of protection from fire
MPRegen  0.10/turn              (no ring)

@: no status effects
A: retaliatory headbutt, horns 2, agile 1, poison resistance, robust 1
a: no special abilities


You were on level 4 of the Dungeon.
You were not hungry.

You visited 1 branch of the dungeon, and saw 4 of its levels.

You collected 183 gold pieces.

Inventory:

Hand Weapons
 a - a +0 war axe (weapon)
Missiles
 d - 3 throwing nets
 g - 2 boomerangs (quivered)
 w - 3 atropa-tipped darts
Armour
 c - a +0 hat (worn)
 p - a +0 plate armour (worn)
 y - a +0 pair of boots (worn)
Jewellery
 i - an amulet of guardian spirit (around neck)
 t - a ring of protection from fire (left hand)
Scrolls
 b - a scroll of fear
 h - a scroll of teleportation
 j - 10 scrolls of remove curse
 o - a scroll of enchant weapon {unknown}
 q - a scroll of fog {unknown}
 r - 2 scrolls of identify {unknown}
 v - a scroll of enchant armour {unknown}
 x - a scroll of amnesia {unknown}
Potions
 e - a potion of might
 k - a potion of curing
 l - 2 potions of mutation
 m - a potion of lignification {unknown}
 s - a potion of stabbing {unknown}
 u - a potion of brilliance {unknown}
Comestibles
 f - 9 rations


   Skills:
 - Level 2.6 Fighting
 + Level 9.3 Axes
 - Level 2.0 Throwing
 - Level 3.6 Dodging
 - Level 0.3 Stealth


You had 6 spell levels left.
You didn't know any spells.
Your spell library was empty.

Dungeon Overview and Level Annotations

Branches:
Dungeon (4/15)             Temple (0/1) D:4

Altars:
Fedhas

Annotations:
D:4 Menkaure


Innate Abilities, Weirdness & Mutations

You reflexively headbutt those who attack you in melee.
You have a pair of horns on your head.
You are agile. (Dex +2)
Your system is resistant to poisons. (rPois)
You are robust. (+10% HP)


Message History

Menkaure, Prince of Dust comes into view.
Menkaure calls on the powers of darkness!
Your body is wracked with pain!
Menkaure completely misses you. You furiously retaliate!
You headbutt Menkaure, but do no damage.
Your plate armour prevents you from hitting Menkaure.
Menkaure calls on the powers of darkness!
Your body is wracked with pain!
You are too injured to fight recklessly!
You are too injured to fight recklessly!
You are too injured to fight recklessly!
You hit Menkaure.
Menkaure is lightly damaged.
Menkaure hits you!
* * * LOW HITPOINT WARNING * * *
You feel better.
It was a potion of mutation.
You feel extremely strange.
You feel robust.
You feel resistant to poisons.
You feel agile. Menkaure hits you!
You die...

............##.⌠,**,,,,,,,,,,,,,,
.........##..*...#..,..,,,,,,,,,,
.........#*..,.....#..,,,,,,,,*,,
#........##,#*#....#.,,,,,,,,,*,,
##..#.#...#.#*#.....,,,,,,,,,,,,,
#.####......*#....*,**,,,,,,,,,,
##..#.....#,,,...,*,,,,,,,,,,,,,
#........#,,*#M##**,**,,,,,,,,,
#...#...##**##@.#,,,***,,,,,,,,
##......#####...#*,,* *,*,,,,,,
##........#...#....#***,,*,*,,*
#............###....#*,,**,**,,
#...#........#**#..##*,,,*,,,,,
#...#.......##,,,..#**,,**,,,,,
##...........#*,,,..#**,,*,,,,,
##.<.......##,,.,.##**,**,,,,,
#...##....###..,,,*,,,,,,,,,,


You could see Menkaure.

Vanquished Creatures
  A phantom (D:4)
  2 scorpions (D:4)
  A bullfrog skeleton (D:4)
  2 orc wizards (D:3)
  Jessica (D:3)
  3 worker ants (D:4)
  5 adders
  3 gnolls (D:3)
  4 worms
  A dart slug (D:1)
  4 orcs
  9 bats
  6 giant cockroaches
  5 goblins
  4 hobgoblins
  4 jackals (D:3)
  A quokka (D:2)
  2 ball pythons
  2 frilled lizards
  9 kobolds
  6 rats
75 creatures vanquished.

Notes
Turn   | Place    | Note
-------+----------+-------------------------------------------
     0 | D:1      | hawla the Minotaur Gladiator began the quest for the Orb.
     0 | D:1      | Reached XP level 1. HP: 18/18 MP: 0/0
   516 | D:1      | Reached skill level 4 in Axes
   516 | D:1      | Reached XP level 2. HP: 21/25 MP: 1/1
  1058 | D:2      | Reached XP level 3. HP: 17/30 MP: 2/2
  1434 | D:2      | Reached skill level 5 in Axes
  1624 | D:2      | Found a faded altar of an unknown god.
  1813 | D:2      | Found a blossoming altar of Fedhas.
  2121 | D:2      | Reached XP level 4. HP: 37/37 MP: 3/3
  2356 | D:3      | Reached skill level 6 in Axes
  2479 | D:3      | Reached XP level 5. HP: 42/42 MP: 4/4
  2535 | D:3      | Noticed Jessica
  2547 | D:3      | Killed Jessica
  2799 | D:3      | Reached skill level 7 in Axes
  3419 | D:4      | Reached XP level 6. HP: 43/50 MP: 3/5
  3538 | D:4      | Reached skill level 8 in Axes
  3664 | D:4      | Reached skill level 9 in Axes
  3664 | D:4      | Reached XP level 7. HP: 21/56 MP: 3/6
  3871 | D:4      | Noticed Menkaure
  3877 | D:4      | Gained mutation: You are robust. (+10% HP) [potion of
                  | mutation]
  3877 | D:4      | Gained mutation: Your system is resistant to poisons.
                  | (rPois) [potion of mutation]
  3877 | D:4      | Gained mutation: You are agile. (Dex +2) [potion of
                  | mutation]
  3877 | D:4      | Slain by Menkaure

Illustrated notes

Levels and vault maps discovered:
D:1:      lightli_arrival_chessboard, layout_loops_corners
D:2:      layout_loops_ring, chequers_ecumenical_altar_grove, fedhas_altar_4
D:3:      minmay_inner_zag, layout_loops_ring, chequers_serial_rivers_room_b,
          uniq_jessica
D:4:      layout_cave_pools, minmay_temple_entry_waves, uniq_robin,
          uniq_menkaure

Skill      XL: |  1  2  3  4  5  6 |
---------------+-------------------+-----
Axes           | 4 5 6 7 9 |  9.3
Fighting       | |  2.6
Throwing       | |  2.0
Dodging        | |  3.6
Stealth        | |  0.3

Action                   |  1- 3 |  4- 6 |  7- 9 || total
-------------------------+-------+-------+-------++-------
Melee: War axe           |    86 |   121 |     2 ||   209
       Headbutt          |    12 |    14 |       ||    26
Throw: Boomerang         |       |     2 |       ||     2
  Use: Scroll            |     3 |     2 |       ||     5
       Potion            |       |     2 |     2 ||     4
  Eat: Chunk             |     4 |     5 |       ||     9
Armor: Leather armour    |     9 |       |       ||     9
       Plate armour      |    51 |    70 |       ||   121
Dodge: Dodged            |    50 |    47 |     1 ||    98
